 Dungeon Crawl Stone Soup version 0.22.1-1-ga44c0e56f4 (webtiles) character file.

210 Cykl0x the Skirmisher (level 5, -3/43 HPs)
             Began as a Demonspawn Berserker on Oct 2, 2018.
             Was a Follower of Trog.
             Killed by nerve-wracking pain
             ... invoked by Jessica
              (11 damage)
             ... on level 2 of the Dungeon.
             The game lasted 00:08:14 (1531 turns).

Cykl0x the Skirmisher (Demonspawn Berserker)        Turns: 1531, Time: 00:08:20

Health: -3/43      AC:  4    Str: 18    XL:     5   Next: 56%
Magic:  5/5        EV: 13    Int:  8    God:    Trog [*.....]
Gold:   89         SH:  0    Dex: 13    Spells: 4/4 levels left

rFire    . . .     SeeInvis .   a - +0 hand axe
rCold    . . .     Gourm    .   (no shield)
rNeg     . . .     Faith    .   b - +0 animal skin
rPois    .         Spirit   .   (helmet restricted)
rElec    .         Reflect  .   (no cloak)
rCorr    .         Harm     .   (no gloves)
MR       .....                  (no boots)
Stlth    ++........             (no amulet)
HPRegen  0.14/turn              (no ring)
MPRegen  0.09/turn              (no ring)

@: lethally poisoned (-3 -> -11), berserk cooldown, slowed, very slow
A: antennae 2, yellow scales 1
a: Berserk, Renounce Religion


You were on level 2 of the Dungeon.
You worshipped Trog.
Trog was aware of your devotion.
You were near starving.

You visited 1 branch of the dungeon, and saw 2 of its levels.

You collected 89 gold pieces.

Inventory:

Hand Weapons
 a - a +0 hand axe (weapon)
Missiles
 e - 93 stones (quivered)
Armour
 b - a +0 animal skin (worn)
Jewellery
 i - an uncursed amulet of harm {unknown}
Scrolls
 g - 2 scrolls of teleportation
Potions
 d - a potion of flight {unknown}
 f - a potion of curing
 h - 2 potions of resistance {unknown}
 k - a potion of ambrosia {unknown}
 l - a potion of might {unknown}
Comestibles
 c - 6 rations


   Skills:
 + Level 4.4 Fighting
 + Level 4.0 Axes
 + Level 2.0 Armour
 + Level 2.7 Dodging
 + Level 1.4 Stealth


You had 4 spell levels left.
You didn't know any spells.
Your spell library was empty.

Dungeon Overview and Level Annotations

Branches:
Dungeon (2/15)

Altars:
Uskayaw

Annotations:
D:2 Jessica


Innate Abilities, Weirdness & Mutations

You have a pair of antennae on your head.
You are partially covered in yellow scales. (AC +2)


Message History

You feel sick. Jessica casts a spell at you. Pain shoots through your body!
* * * LOW HITPOINT WARNING * * *
Jessica hits you with a dagger of venom.
* * * LOW HITPOINT WARNING * * *
You are lethally poisoned!
Jessica completely misses you.
You feel better.
Jessica hits you with a dagger of venom.
* * * LOW HITPOINT WARNING * * *
You are lethally poisoned!
Jessica barely misses you.
You closely miss Jessica.
Jessica is heavily wounded.
* * * LOW HITPOINT WARNING * * *
You feel sick. Jessica casts a spell at you. Pain shoots through your body!
You die...

#.....######.####.#.##.
#........)......#'#..).
####................##.
#(..................
##...............###
#.#####.....##### #.#
#.....# #.## ##.####
#@@# #.# ##)# #.#
#.....##.# .......##.#
.........##.#
...#.......##.# .g
........##.# .
.#.......##.#
..b.......##'#


You could see Jessica.

Vanquished Creatures
  Sigmund (D:2)
  A gnoll (D:2)
  2 adders (D:2)
  3 oozes
  A dart slug (D:2)
  A giant cockroach (D:1)
  4 goblins
  2 hobgoblins (D:1)
  6 kobolds
  2 bats
  A frilled lizard (D:2)
  3 rats
27 creatures vanquished.

Notes
Turn   | Place    | Note
-------+----------+-------------------------------------------
     0 | D:1      | Cykl0x the Demonspawn Berserker began the quest for the
                  | Orb.
     0 | D:1      | Reached XP level 1. HP: 18/18 MP: 1/1
   262 | D:1      | Gained mutation: You have a pair of small antennae on your
                  | head. [demonic ancestry]
   262 | D:1      | Reached XP level 2. HP: 24/24 MP: 2/2
  1083 | D:2      | Noticed Sigmund
  1133 | D:2      | Found a hide-covered altar of Uskayaw.
  1146 | D:2      | Gained mutation: You have a pair of antennae on your head.
                  | [demonic ancestry]
  1146 | D:2      | Reached XP level 3. HP: 30/30 MP: 3/3
  1501 | D:2      | Noticed Jessica
  1508 | D:2      | Killed Sigmund
  1508 | D:2      | Reached skill level 1 in Stealth
  1508 | D:2      | Gained mutation: You are partially covered in yellow
                  | scales. (AC +2) [demonic ancestry]
  1508 | D:2      | Reached XP level 4. HP: 38/38 MP: 4/4
  1508 | D:2      | Reached XP level 5. HP: 43/43 MP: 5/5
  1531 | D:2      | Killed from afar by Jessica

Skill      XL: |  1  2  3 |
---------------+----------+-----
Axes           | 3 4 |  4.0
Dodging        | 2 |  2.7
Fighting       | 4 |  4.4
Armour         | 2 |  2.0
Stealth        | 1 |  1.4

Action                   |  1- 3 |  4- 6 || total
-------------------------+-------+-------++-------
Melee: Hand axe          |    73 |    15 ||    88
Invok: Berserk           |     3 |       ||     3
  Use: Scroll            |     5 |       ||     5
       Potion            |     1 |     3 ||     4
 Stab: Sleeping          |     1 |       ||     1
  Eat: Ration            |     1 |       ||     1
Armor: Animal skin       |     8 |     5 ||    13
Dodge: Dodged            |    51 |    18 ||    69
